 Dungeon Crawl Stone Soup version 0.30-a0-881-g1ff12e1e11 (webtiles) character file.

Game seed: 14511427341111460833

38 avis the Ruffian (level 3, -3/31 HPs)
             Began as a Hill Orc Transmuter on Mar 15, 2023.
             Slain by a hobgoblin (4 damage)
             ... led by Robin
             ... on level 1 of the Dungeon.
             The game lasted 00:04:41 (1057 turns).

avis the Ruffian (Hill Orc Transmuter)              Turns: 1057, Time: 00:04:42

Health: -3/31      AC:  2    Str: 14    XL:     3   Next: 43%
Magic:  4/5        EV: 12    Int: 13    God:
Gold:   64         SH:  0    Dex: 11    Spells: 2/5 levels left

rFire   . . .      SeeInvis .      - Unarmed
rCold   . . .      Faith    .    (no shield)
rNeg    + . .      Spirit   .    a - +0 robe
rPois   .          Reflect  .    b - melded +0 helmet
rElec   .          Rampage  .    (no cloak)
rCorr   .                        (no gloves)
Will    .....                    (boots currently unavailable)
Stlth   +                        (no amulet)
HPRegen 0.25/turn                e - ring of positive energy
MPRegen 0.09/turn                (no ring)

@: appendages (expiring)
A: horns 2, talons 2
a: End Transformation


You were on level 1 of the Dungeon.
You had temporarily grown beastly horns and talons.
You visited 1 branch of the dungeon, and saw 2 of its levels.

You collected 64 gold pieces.

Inventory:

Armour
 a - a +0 robe (worn)
 b - a +0 helmet (melded)
Jewellery
 e - a ring of positive energy (left hand)
Scrolls
 h - a scroll of identify {unknown}
Potions
 c - a potion of haste {unknown}
 d - a potion of invisibility {unknown}
 f - 2 potions of berserk rage {unknown}
 g - a potion of magic {unknown}


   Skills:
 * Level 3.1 Fighting
 - Level 1.5 Dodging
 - Level 4.0 Unarmed Combat
 - Level 1.5 Spellcasting
 - Level 1.3 Transmutations


You had 2 spell levels left.
You knew the following spells:

 Your Spells              Type           Power      Damage    Failure   Level
a - Beastly Appendage     Tmut           8%         N/A       16%         1
e - Wereblood             Tmut           4%         N/A       22%         2

Your spell library contained the following spells:

 Spells                   Type           Power      Damage    Failure   Level
 Apportation              Tloc           2%         N/A       26%         1
 Necrotise                Necr           4%         1d4       26%         1
 Summon Small Mammal      Summ           4%         N/A       26%         1
 Spider Form              Tmut/Pois      2%         N/A       52%         3
 Ice Form                 Ice/Tmut       2%         N/A       89%         4


Dungeon Overview and Level Annotations

Branches:
Dungeon (2/15)

Altars:

Shops:
D:1 :


Innate Abilities, Weirdness & Mutations

You have temporarily grown beastly horns and talons.


Message History

Adjust to which letter? e - Wereblood You climb downwards.
The hobgoblin barely misses you. The hobgoblin hits you.
The goblin hits you with a +0 club. x2; The goblin completely misses you.
There is a stone staircase leading up here.
The ball python hisses angrily.
The hobgoblin closely misses you. x2; The goblin hits you with a +0 club.
The goblin closely misses you. The goblin barely misses you.
The goblin hits you but does no damage.
You climb upwards.
There is a stone staircase leading down here.
You see here a hobgoblin corpse.
Casting: Beastly Appendage (safe; 16% risk of failure)
Confirm with . or Enter, or press ? or * to list all spells.
You grow a pair of large bovine horns.
Your feet morph into talons.
Your +0 helmet melds into your body.
The goblin hits you with a +1 dagger of flaming.
The goblin burns you. The goblin hits you with a +0 club.
The hobgoblin hits you. The goblin hits you with a +0 dagger.
The goblin completely misses you.
The hobgoblin hits you but does no damage.
You closely miss the goblin. Your headbutt misses the goblin.
The goblin completely misses you. The goblin misses you.
The hobgoblin barely misses you. The goblin hits you with a +0 dagger.
* * * LOW HITPOINT WARNING * * *
The goblin hits you with a +0 club.
* * * LOW HITPOINT WARNING * * *
The hobgoblin hits you.
* * * LOW HITPOINT WARNING * * *
Okay, then.
You punch the goblin!
You kill the goblin!
The goblin hits you with a +1 dagger of flaming.
* * * LOW HITPOINT WARNING * * *
The goblin burns you.
* * * LOW HITPOINT WARNING * * *
The hobgoblin hits you.
* * * LOW HITPOINT WARNING * * *
The hobgoblin hits you.
You die...

##.#.# #.......# #.#
##.#.#
##.###.#########.#
##.#.#######
#................#
...........#
#..###.###########
##.#######.####......#
##.# #........####
...# #######..# #..#
######## #gg# #..#
#......####@g# #..#
#.####...))gg#
#..###.## #######.#
........# #.#
#..###..#### #.####
#..........# #....#
##.#.#####.# ###.#.#
#.#.# #.## #..∩..#
#...# #..# #.#.###


You could see 2 hobgoblins and 3 goblins.

Vanquished Creatures
  Robin (D:1)
  2 dart slugs (D:1)
  An endoplasm (D:1)
  3 goblins (D:1)
  7 hobgoblins (D:1)
  2 jackals (D:1)
  2 ball pythons (D:1)
  2 bats (D:1)
  3 rats (D:1)
23 creatures vanquished.

Notes
Turn   | Place    | Note
-------+----------+-------------------------------------------
     0 | D:1      | avis the Hill Orc Transmuter began the quest for the Orb.
     0 | D:1      | Reached XP level 1. HP: 16/16 MP: 3/3
   178 | D:1      | Reached XP level 2. HP: 20/25 MP: 2/4
   289 | D:1      | Found Roon's Book Boutique.
   913 | D:2      | Noticed Robin
   923 | D:1      | Reached XP level 3. HP: 10/31 MP: 3/5
   927 | D:1      | Killed Robin
   928 | D:1      | Reached skill level 4 in Unarmed Combat
  1051 | D:1      | Learned a level 2 spell: Wereblood
  1057 | D:1      | HP: 1/31 [hobgoblin[Robin] (2)]
  1057 | D:1      | Slain by a hobgoblin

Illustrated notes

Levels and vault maps discovered:
D:1:      dpeg_arrival_connections, layout_loops_ring, serial_shops,
          nicolae_shop_crystal
D:2:      layout_rooms, grunt_ministairs_4, grunt_decor_one_mirror,
          dreamdust_wishing_well, minmay_misc_feat_more_columns, uniq_robin

Skill      XL: |  1  2  3 |
---------------+----------+-----
Fighting       | 2 3 |  3.1
Unarmed Combat | 4 |  4.0
Dodging        | |  1.5
Spellcasting   | |  1.5
Transmutations | |  1.3

Action                     || total
---------------------------++-------
  Melee: Unarmed           ||    61
         Headbutt          ||    11
         Kick              ||     6
   Cast: Beastly Appendage ||    17
    Use: Potion            ||     1
   Stab: Sleeping          ||     1
 Armour: Robe              ||     8
         Skin              ||    10
  Dodge: Dodged            ||    48

Table legend: (Time is in decaauts)
 A = Elapsed time spent in this place.
 B = Non-inter-level travel time spent in this place.
 C = Inter-level travel time spent in this place.
 D = Time resting spent in this place.
 E = Time spent auto-exploring this place.
 F = Levels seen in this place.
 G = Mean time per level.
                   A        B        C        D        E       F      G
               +--------+--------+--------+--------+--------+-----+--------+
         Total |   1054 |   1026 |     28 |    196 |    621 |   2 |  527.0 |
       Dungeon |   1054 |   1026 |     28 |    196 |    621 |   2 |  527.0 |
               +--------+--------+--------+--------+--------+-----+--------+

Top non-repeatable levels by time:
     D:1: 1049 daAuts
     D:2: 4 daAuts
